 Dungeon Crawl Stone Soup version 0.30-a0-613-gdd512c7efb (webtiles) character file.

Game seed: 15955149569692969684

98 drugrobin the Sneak (level 4, -1/37 HPs)
             Began as a Demigod Delver on Jan 9, 2023.
             Slain by a gnoll
             ... wielding a +0 flail
              (7 damage)
             ... on level 4 of the Dungeon.
             The game lasted 00:03:15 (484 turns).

drugrobin the Sneak (Demigod Delver)                 Turns: 484, Time: 00:03:15

Health: -1/37      AC:  3    Str: 13    XL:     4   Next: 21%
Magic:  6/6        EV: 12    Int: 12    God:
Gold:   55         SH:  0    Dex: 19    Spells: 3/3 levels left

rFire   . . .      SeeInvis .      - Unarmed
rCold   . . .      Faith    .    (no shield)
rNeg    . . .      Spirit   .    a - +0 leather armour
rPois   .          Reflect  .    (no helmet)
rElec   .          Harm     .    (no cloak)
rCorr   .          Rampage  .    (no gloves)
Will    .....                    (no boots)
Stlth   +++                      (no amulet)
HPRegen 0.26/turn                (no ring)
MPRegen 0.10/turn                (no ring)

@: no status effects
A: high MP 1, forlorn, divine attributes
a: no special abilities


You were on level 4 of the Dungeon.
You visited 1 branch of the dungeon, and saw 2 of its levels.

You collected 55 gold pieces.

Inventory:

Hand Weapons
 b - a +0 arbalest
Missiles
 g - 6 boomerangs (quivered)
Armour
 a - a +0 leather armour (worn)
 h - a +0 chain mail
Wands
 f - a wand of digging (1)
Scrolls
 c - a scroll of magic mapping
 i - a scroll of fog
 j - a scroll of teleportation
 k - a scroll of vulnerability {unknown}
Potions
 e - a potion of haste
 l - a potion of flight {unknown}


   Skills:
 - Level 2.7 Fighting
 - Level 1.8 Dodging
 - Level 4.5 Stealth
 + Level 4.2 Unarmed Combat


You had 3 spell levels left.
You didn't know any spells.
Your spell library contained the following spells:

 Spells                   Type           Power      Damage    Failure   Level
 Magic Dart               Conj           0%         1d3       38%         1
 Call Imp                 Summ           0%         N/A       54%         2
 Mephitic Cloud           Conj/Pois/Air  0%         N/A       77%         3
 Vhi's Electric Charge    Tloc/Air       0%         N/A       77%         3
 Arcjolt                  Conj/Air       0%         1d10      100%        5
 Maxwell's Capacitive Co  Air            0%         ∞         100%        8


Dungeon Overview and Level Annotations

Branches:
Dungeon (5/15)
 Temple: D:4-7

Shops:
D:5 *


Innate Abilities, Weirdness & Mutations

You have an increased reservoir of magic. (+10% MP)
You shall have no god before yourself.
Your divine heritage dramatically boosts your attributes as you level up.


Message History

Unknown command.
Unknown command.
Unknown command.
You hit the hound but do no damage.
The hound is heavily wounded.
The hound pauses to sniff the ground.
The hound closely misses you.
Unknown command.
As you read the scroll of fear, it crumbles to dust.
You assume a fearsome visage.
The hound looks frightened!
The phantom is unaffected.
Cornered, the hound turns to fight!
Unknown command.
Unknown command.
Unknown command.
As you read the scroll labelled YLLOQU GILEJE, it crumbles to dust.
You feel strangely unstable.
It was a scroll of teleportation.
The hound closely misses you.
Unknown command.
Unknown command.
Unknown command.
The hound bites you.
* * * LOW HITPOINT WARNING * * *
Unknown command.
Unknown command.
The hound attacks as you move away! The hound closely misses you.
Unknown command.
The hound barely misses you.
Your surroundings suddenly seem different.
Unknown command.
Unknown command.
An iguana comes into view.
The iguana hisses angrily.
Unknown command.
Unknown command.
There is a stone staircase leading up here.
You climb upwards.
The gnoll hits you from afar with a +0 spear!
* * * LOW HITPOINT WARNING * * *
The gnoll hits you with a +0 flail!
You die...

.# ..# #..#
....# .....#
......#
......g##
...>...@#
.........#
........g.#
........gg..
.............
........###....
......### #...
...### ...


You could see 4 gnolls.

Vanquished Creatures
  A scorpion (D:5)
  A jelly (D:5)
  An adder (D:5)
  An orc (D:5)
4 creatures vanquished.

Notes
Turn   | Place    | Note
-------+----------+-------------------------------------------
     0 | D:5      | drugrobin the Demigod Delver began the quest for the Orb.
     0 | D:5      | Reached XP level 1. HP: 18/18 MP: 3/3
    85 | D:5      | Noticed a hound
    85 | D:5      | Noticed a phantom
   100 | D:5      | Noticed a hound
   130 | D:5      | Noticed an iguana
   195 | D:5      | Noticed an ice beast
   278 | D:5      | Reached XP level 2. HP: 14/25 MP: 4/4
   395 | D:5      | Found Qealud's Assorted Antiques.
   401 | D:5      | Reached XP level 3. HP: 30/30 MP: 5/5
   441 | D:5      | Noticed a scorpion
   445 | D:5      | Killed a scorpion
   446 | D:5      | Reached XP level 4. HP: 29/37 MP: 6/6
   484 | D:4      | Slain by a gnoll

Illustrated notes

Levels and vault maps discovered:
D:4:      layout_cave_pods, minmay_temple_entry_mist, minmay_misc_feat_cross
D:5:      layout_loops_ring, nicolae_yredelemnul_ghost_church, serial_shops,
          nicolae_shop_advertising_works [nicolae_subvault_shop_adworks],
          nicolae_shop_fire_sale [nicolae_sub_dead_trees], corexii_checkpoint_a,
          minmay_checkerbox

Skill      XL: |  1  2  3 |
---------------+----------+-----
Unarmed Combat | 2 3 4 |  4.2
Fighting       | |  2.7
Dodging        | |  1.8
Stealth        | |  4.5

Action                   |  1- 3 |  4- 6 || total
-------------------------+-------+-------++-------
Melee: Unarmed           |     3 |     7 ||    10
       Punch             |       |     1 ||     1
 Fire: Arbalest          |    10 |       ||    10
Evoke: Wand              |     2 |       ||     2
  Use: Scroll            |       |     2 ||     2
Dodge: Dodged            |     2 |     9 ||    11

Table legend: (Time is in decaauts)
 A = Elapsed time spent in this place.
 B = Non-inter-level travel time spent in this place.
 C = Inter-level travel time spent in this place.
 D = Time resting spent in this place.
 E = Time spent auto-exploring this place.
 F = Levels seen in this place.
 G = Mean time per level.
                   A        B        C        D        E       F      G
               +--------+--------+--------+--------+--------+-----+--------+
         Total |    490 |    467 |     23 |     63 |     71 |   2 |  245.0 |
       Dungeon |    490 |    467 |     23 |     63 |     71 |   2 |  245.0 |
               +--------+--------+--------+--------+--------+-----+--------+

Top non-repeatable levels by time:
     D:5: 484 daAuts
     D:4: 5 daAuts
